AoeStats
← Cheario

Oasis

509533329Analyzed
3v3 RM · 6d ago on Sep 27, 2026· 17m 24s· 6 players
Game mode
Random Map
Map size
Normal (6 player)
Population
200
Speed
Normal
Resources
Standard
Victory
Conquest
Starting age
Dark Age
Ending age
Imperial Age
RankedLock teamsTeams togetherTeam positionsShared explorationLock speedFull tech treeHidden civsTurbo modeCheats
Victory
Defeat
🇲🇽 Malians · Mexico
1378
+10
🇲🇽 Cumans · Mexico
1339
+11
🇲🇽 Varangians · Mexico
1284
+13
🇺🇸 Varangians · United States
1235
-12
🇺🇸 Saxons · United States
1227
-11
🇺🇸 Danes · United States
1226
-11
DLM15
5:48 Loom
8:53 Feudal Age
9:25 Man-at-Arms
12:06 Double-Bit Axe
15:09 Scale Mail Armor
15:23 Forging
16:55 Scale Mail Armor
El Cacas Vengador
6:45 Loom
8:57 Feudal Age
9:32 Double-Bit Axe
FERGA LARGA
6:26 Loom
9:41 Feudal Age
10:16 Double-Bit Axe
11:25 Bloodlines
11:12 Horse Collar
18:09 Wheelbarrow
Cheario
6:57 Loom
10:25 Feudal Age
11:00 Double-Bit Axe
15:33 Castle Age
14:53 Fletching
15:45 Crossbowman
Mordon327
7:22 Loom
9:42 Feudal Age
12:37 Man-at-Arms
SirH
4:40 Loom
12:02 Feudal Age
16:08 Castle Age
Connection lost

Rejoining the realm…

Still unreachable

The connection could not be restored.

Session expired

The server has moved on; the page needs a fresh start.